[Event "January 2 Early 2024"]
[Site "https://www.chess.com"]
[Date "2024.01.02"]
[Round "3"]
[White "Lopusiewicz, Piotr"]
[Black "Biriukov, Ilja"]
[Result "0-1"]
[Board "165"]
[TimeControl "180+1"]
[WhiteFideId "1116029"]
[BlackFideId "4113373"]
[WhiteElo "2515"]
[BlackElo "2175"]
[WhiteTeam "POL"]
[BlackTeam "RUS"]
[WhiteClock "0:00:00"]
[BlackClock "0:00:14"]

1. d4 d5 2. c4 c6 3. Nf3 Nf6 4. cxd5 cxd5 5. Nc3 Nc6 6. Bf4 a6 7. Qb3 e6 8. e3 Bd6 9. Bg3 O-O 10. Bd3 h6 11. Rc1 Bxg3 12. hxg3 Na5 13. Qc2 Nc4 14. Ne5 b5 15. Bxc4 dxc4 16. g4 Nh7 17. Qe4 Bd7 18. f4 f6 19. Nxd7 Qxd7 20. Kf2 Rae8 21. Rhd1 e5 22. Qd5+ Qf7 23. Qxf7+ Rxf7 24. dxe5 fxe5 25. g3 Nf6 26. Kf3 e4+ 27. Ke2 Nxg4 28. Rd4 Rfe7 29. Rcd1 Nf6 30. Rd6 Re6 31. a3 Kf7 32. Na2 Rxd6 33. Rxd6 Re6 34. Rd4 Ke7 35. Nb4 a5 36. Nc2 Rd6 37. Rxd6 Kxd6 38. Nd4 Kc5 39. Nf5 b4 40. axb4+ axb4 41. Nxg7 c3 42. bxc3 bxc3 43. Nf5 Kc4 44. Nd4 Ng4 45. Nf5 Kb3 46. Kd1 c2+ 47. Kc1 Kc3 48. Nd4 Nxe3 49. Ne2+ Kd3 50. Ng1 Nc4 0-1

[Event "January 2 Early 2024"]
[Site "https://www.chess.com"]
[Date "2024.01.02"]
[Round "3"]
[White "Jing, Andrew"]
[Black "Pinero Rodriguez, Carlos Jose"]
[Result "0-1"]
[Board "166"]
[TimeControl "180+1"]
[WhiteFideId "30984076"]
[BlackFideId "3901726"]
[WhiteElo "2151"]
[BlackElo "2508"]
[WhiteTeam "USA"]
[BlackTeam "VEN"]
[WhiteClock "0:02:08"]
[BlackClock "0:01:03"]

1. d4 Nf6 2. c4 g6 3. g3 Bg7 4. Bg2 O-O 5. Nc3 d6 6. Nf3 c6 7. O-O Qa5 8. e4 Qh5 9. Ng5 Qxd1 10. Rxd1 Nfd7 11. Be3 h6 12. Nf3 Na6 13. a3 Nc7 14. Rac1 Re8 15. d5 c5 16. Ne1 Rb8 17. Bf1 a6 18. a4 Kh7 19. Nd3 Nf6 20. f3 Bd7 21. b4 b6 22. bxc5 bxc5 23. Rb1 Rec8 24. e5 Nfe8 25. f4 Bf5 26. h3 Bxd3 27. Bxd3 dxe5 28. f5 Rxb1 29. Rxb1 Nd6 30. fxg6+ fxg6 31. Bxc5 Nxd5 32. Nxd5 Rxc5 33. Nxe7 e4 34. Be2 Nxc4 35. Rc1 Bd4+ 36. Kh2 Nb2 37. Rd1 Nxd1 0-1

[Event "January 2 Early 2024"]
[Site "https://www.chess.com"]
[Date "2024.01.02"]
[Round "3"]
[White "Srdanovic, Jovana"]
[Black "Crocker, Philip J"]
[Result "1-0"]
[Board "167"]
[TimeControl "180+1"]
[WhiteFideId "954810"]
[BlackFideId "403180"]
[WhiteElo "2505"]
[BlackElo "2097"]
[WhiteTeam "SRB"]
[BlackTeam "ENG"]
[WhiteClock "0:01:50"]
[BlackClock "0:00:34"]

1. d4 f5 2. c4 Nf6 3. g3 e6 4. Bg2 d5 5. Nd2 Bd6 6. Nh3 c6 7. O-O O-O 8. b3 Qe7 9. Nf3 Ne4 10. Bf4 Nd7 11. Qd3 Ndf6 12. Qc2 Bd7 13. Bxd6 Qxd6 14. Nf4 Rae8 15. Nd3 g5 16. c5 Qe7 17. b4 Bc8 18. a4 Ng4 19. h3 Ngf6 20. Nfe5 Nd7 21. b5 Nxe5 22. Nxe5 Bd7 23. bxc6 Bxc6 24. Rfb1 Qg7 25. a5 f4 26. g4 h5 27. a6 hxg4 28. hxg4 f3 29. exf3 Nf6 30. axb7 Bxb7 31. Rxa7 Rb8 32. c6 Rf7 33. Nxf7 Qxf7 34. Raxb7 Rxb7 35. Rxb7 1-0

[Event "January 2 Early 2024"]
[Site "https://www.chess.com"]
[Date "2024.01.02"]
[Round "3"]
[White "Ghosh, Chanchal Kumer"]
[Black "Lebedev, Artem S."]
[Result "1-0"]
[Board "168"]
[TimeControl "180+1"]
[WhiteFideId "10201858"]
[BlackFideId "34272747"]
[WhiteElo "2038"]
[BlackElo "2503"]
[WhiteTeam "BAN"]
[BlackTeam "RUS"]
[WhiteClock "0:00:27"]
[BlackClock "0:00:00"]

1. e4 e5 2. Nf3 Nc6 3. Bc4 Bc5 4. c3 Nf6 5. d4 exd4 6. cxd4 Bb4+ 7. Nc3 Nxe4 8. d5 Ne7 9. O-O Bxc3 10. bxc3 O-O 11. Re1 Nd6 12. Bd3 Ng6 13. h4 f5 14. Bg5 Rf6 15. Bxf6 Qxf6 16. g3 b5 17. a4 Bb7 18. axb5 Bxd5 19. c4 Nxc4 20. Bxc4 Bxc4 21. Qxd7 h6 22. Rac1 Rd8 23. Re8+ Kh7 24. Qxd8 Qf7 25. Ne5 Nxe5 26. Rxe5 Ba2 27. Rxc7 Qb3 28. Rxg7+ Kxg7 29. Re7+ Kg6 30. Qe8+ Kf6 31. Qf8+ Kg6 32. Rg7+ Kh5 33. Qe8+ 1-0

[Event "January 2 Early 2024"]
[Site "https://www.chess.com"]
[Date "2024.01.02"]
[Round "3"]
[White "VictMin"]
[Black "Stojanovski, Sandi"]
[Result "0-1"]
[Board "169"]
[TimeControl "180+1"]
[BlackFideId "1403249"]
[WhiteElo "2030"]
[BlackElo "2503"]
[BlackTeam "DEN"]
[WhiteClock "0:00:44"]
[BlackClock "0:02:06"]

1. Nf3 d5 2. d4 Nf6 3. c4 e6 4. Nc3 Bb4 5. Bg5 dxc4 6. Qa4+ Nc6 7. Ne5 Qxd4 8. Nxc6 Bxc3+ 9. bxc3 Qxc3+ 10. Kd1 Qxa1+ 11. Bc1 Bd7 0-1

[Event "January 2 Early 2024"]
[Site "https://www.chess.com"]
[Date "2024.01.02"]
[Round "3"]
[White "Murthy, Pappu"]
[Black "Weisz, Bryan"]
[Result "0-1"]
[Board "170"]
[TimeControl "180+1"]
[WhiteFideId "2013401"]
[BlackFideId "30934133"]
[WhiteElo "1990"]
[BlackElo "2502"]
[WhiteTeam "USA"]
[BlackTeam "USA"]
[WhiteClock "0:00:38"]
[BlackClock "0:00:44"]

1. e4 c5 2. Nf3 Nc6 3. d4 cxd4 4. Nxd4 d5 5. Nxc6 bxc6 6. Nc3 d4 7. Ne2 e5 8. Ng3 Nf6 9. Bd3 h5 10. Bg5 h4 11. Nf5 Bxf5 12. exf5 Bb4+ 13. Kf1 h3 14. Qf3 hxg2+ 15. Kxg2 Qd5 16. Bxf6 Qxf3+ 17. Kxf3 gxf6 18. h4 Ke7 19. Rag1 Bd2 20. Be4 Rab8 21. b3 c5 22. Bd3 Rh5 23. a4 Rbh8 24. Rg4 Bg5 25. Ke4 Kd6 26. Bf1 Bxh4 27. Bc4 Bxf2 28. Rxh5 Rxh5 29. Bxf7 Rh3 0-1

[Event "January 2 Early 2024"]
[Site "https://www.chess.com"]
[Date "2024.01.02"]
[Round "3"]
[White "Garrido, Denis"]
[Black "Erigaisi Arjun"]
[Result "0-1"]
[Board "172"]
[TimeControl "180+1"]
[WhiteFideId "601217"]
[BlackFideId "35009192"]
[WhiteElo "2400"]
[BlackElo "3063"]
[WhiteTeam "FRA"]
[BlackTeam "IND"]
[WhiteClock "0:01:54"]
[BlackClock "0:01:59"]

1. d4 b6 2. e4 Bb7 3. Bd3 e6 4. Qe2 Nf6 5. Nd2 d5 6. e5 Nfd7 7. f4 c5 8. c3 Nc6 9. Ngf3 cxd4 10. Nxd4 Bc5 11. N2f3 Bxd4 12. cxd4 Nb4 13. Bb5 Bc6 14. a3 Bxb5 15. Qxb5 Nc2+ 16. Ke2 Nxa1 17. Bd2 Nc2 18. Rc1 Rc8 19. Qa4 Nxd4+ 20. Qxd4 Rxc1 21. Bxc1 Qc7 0-1

[Event "January 2 Early 2024"]
[Site "https://www.chess.com"]
[Date "2024.01.02"]
[Round "3"]
[White "Gomez Falagan, Daniel"]
[Black "Aaditya Dhingra"]
[Result "0-1"]
[Board "174"]
[TimeControl "180+1"]
[WhiteFideId "54509947"]
[BlackFideId "25678191"]
[WhiteElo "2359"]
[BlackElo "2608"]
[WhiteTeam "ESP"]
[BlackTeam "IND"]
[WhiteClock "0:00:06"]
[BlackClock "0:00:05"]

1. Nf3 Nf6 2. b3 c5 3. Bb2 Nc6 4. e3 g6 5. c4 Bg7 6. Nc3 O-O 7. Be2 d5 8. cxd5 Nxd5 9. O-O Bf5 10. a3 Nxc3 11. Bxc3 e5 12. d3 e4 13. dxe4 Bxc3 14. exf5 Bxa1 15. Qxa1 Qd5 16. fxg6 hxg6 17. Bc4 Qf5 18. Re1 Rfe8 19. Qc3 Rad8 20. h3 Ne5 21. Nxe5 Qxe5 22. Qc2 Kg7 23. Qe2 b6 24. Qf3 Qf6 25. Qg3 Rd2 26. e4 Qe5 27. Qf3 f6 28. Re3 Red8 29. g3 Rd1+ 30. Kg2 Rc1 31. Rd3 Rxd3 32. Qxd3 Qd4 33. Qf3 Re1 34. Bd5 Rd1 35. Qf4 Qe5 36. Qf3 Rd4 37. Bc6 Rd6 38. Bd5 f5 39. Bb7 Rf6 40. exf5 Rxf5 41. Qd3 Qd4 42. Qe2 Re5 43. Qf3 Re7 44. Bd5 Qf6 45. Qd3 Rd7 46. Qe4 Qd4 47. Qxd4+ cxd4 48. Bf3 d3 49. Bd1 d2 50. Kf3 Re7 51. Be2 Kf6 52. h4 b5 53. b4 Re5 54. g4 Ke6 55. g5 Kd5 56. Bd1 Kd4 57. Be2 Kc3 58. Bd1 Re1 59. Be2 d1=Q 60. Bxd1 Rxd1 61. h5 gxh5 62. Kg3 Rg1+ 63. Kh4 Rh1+ 64. Kg3 Kd4 65. f4 Ke4 66. Kg2 Rd1 67. g6 Rd8 0-1

[Event "January 2 Early 2024"]
[Site "https://www.chess.com"]
[Date "2024.01.02"]
[Round "3"]
[White "Korol, Dimitry"]
[Black "Veiga, Jose Francisco R P Neves"]
[Result "0-1"]
[Board "175"]
[TimeControl "180+1"]
[WhiteFideId "14108003"]
[BlackFideId "1930087"]
[WhiteElo "2326"]
[BlackElo "2533"]
[WhiteTeam "UKR"]
[BlackTeam "POR"]
[WhiteClock "0:00:14"]
[BlackClock "0:00:38"]

1. d4 Nf6 2. c4 e6 3. Nc3 Bb4 4. Qc2 d5 5. cxd5 exd5 6. Bg5 h6 7. Bxf6 Qxf6 8. a3 Bxc3+ 9. Qxc3 O-O 10. e3 c6 11. Ne2 Bf5 12. Ng3 Bg6 13. Be2 Nd7 14. O-O Rfe8 15. b4 Rac8 16. Rfc1 Qg5 17. h3 h5 18. b5 Nf6 19. bxc6 bxc6 20. Qb2 h4 21. Nf1 Ne4 22. Bf3 f5 23. Bxe4 Rxe4 24. f4 Qe7 25. Qd2 Bh5 26. Rc3 Qe6 27. Rac1 Rc7 28. Qc2 Be8 29. Kf2 Re7 30. Qd3 Qh6 31. Qd2 g5 32. fxg5 Qxg5 33. Kg1 Bd7 34. Qf2 f4 35. exf4 Rxf4 36. Qc2 Rxd4 37. Rxc6 Bxc6 38. Qxc6 Rde4 39. Rd1 Re1 40. Rxd5 Rxf1+ 41. Kxf1 Qf4+ 42. Kg1 Re1# 0-1

[Event "January 2 Early 2024"]
[Site "https://www.chess.com"]
[Date "2024.01.02"]
[Round "3"]
[White "Munoz Sanchez, Miguel"]
[Black "Ljukin, Sergei"]
[Result "0-1"]
[Board "176"]
[TimeControl "180+1"]
[WhiteFideId "3600734"]
[BlackFideId "14102200"]
[WhiteElo "2313"]
[BlackElo "2523"]
[WhiteTeam "ECU"]
[BlackTeam "UKR"]
[WhiteClock "0:00:29"]
[BlackClock "0:01:12"]

1. e4 e6 2. d4 d5 3. exd5 exd5 4. Nf3 Nf6 5. h3 c5 6. c4 Nc6 7. Nc3 cxd4 8. Nxd4 Bc5 9. Be3 Nxd4 10. Bxd4 Qe7+ 11. Be2 dxc4 12. O-O Be6 13. Qa4+ Nd7 14. Bxc5 Qxc5 15. Ne4 Qe5 16. Nc3 O-O 17. Bxc4 Nb6 18. Qb5 Nxc4 19. Qxb7 Rfb8 20. Qe7 Rxb2 21. Na4 Rbb8 22. Rad1 Re8 23. Qb7 Qa5 24. Nb2 Rab8 25. Nxc4 Bxc4 26. Qf3 Bxf1 27. Kxf1 Qxa2 28. Kg1 Qe2 0-1

[Event "January 2 Early 2024"]
[Site "https://www.chess.com"]
[Date "2024.01.02"]
[Round "3"]
[White "Kabanov, Nikolai"]
[Black "Harriott, Tyrell"]
[Result "1-0"]
[Board "177"]
[TimeControl "180+1"]
[WhiteFideId "4127820"]
[BlackFideId "2086484"]
[WhiteElo "2511"]
[BlackElo "2326"]
[WhiteTeam "RUS"]
[BlackTeam "USA"]
[WhiteClock "0:00:15"]
[BlackClock "0:00:28"]

1. e4 d5 2. exd5 Nf6 3. d4 Qxd5 4. Nc3 Qd6 5. Nf3 a6 6. Ne5 Nc6 7. Bf4 Qxd4 8. Nxc6 Qxd1+ 9. Rxd1 bxc6 10. Bxc7 Bf5 11. Bd3 Bxd3 12. Rxd3 e6 13. Ke2 Nd5 14. Bg3 Be7 15. Ne4 O-O 16. c4 Nf6 17. Nc3 Rfc8 18. Rhd1 Kf8 19. Na4 Rd8 20. Bc7 Rxd3 21. Rxd3 Rc8 22. Bg3 Rd8 23. Rxd8+ Bxd8 24. Nc5 a5 25. b3 Ke8 26. Be5 Bb6 27. Nb7 Ng4 28. Bxg7 Nxh2 29. f3 h5 30. Be5 Bg1 31. Nxa5 Kd7 32. b4 h4 33. Nb3 f5 34. Nc5+ Ke7 35. a4 h3 36. gxh3 Kf7 37. a5 Ke7 38. a6 Bxc5 39. bxc5 Nxf3 40. Kxf3 Kf7 41. a7 Kg6 42. a8=Q Kh5 43. Qg8 Kh6 44. Qg7+ Kh5 45. Kf4 1-0

[Event "January 2 Early 2024"]
[Site "https://www.chess.com"]
[Date "2024.01.02"]
[Round "3"]
[White "Bogumil, Tatiana"]
[Black "Devaev, Alexander"]
[Result "0-1"]
[Board "178"]
[TimeControl "180+1"]
[WhiteFideId "4110579"]
[BlackFideId "4169395"]
[WhiteElo "2004"]
[BlackElo "2507"]
[WhiteTeam "RUS"]
[BlackTeam "RUS"]
[WhiteClock "0:00:00"]
[BlackClock "0:01:24"]

1. Nf3 Nf6 2. c4 c5 3. b3 e6 4. Bb2 b6 5. g3 Bb7 6. Bg2 Be7 7. O-O O-O 8. d4 d6 9. Nc3 a6 10. Re1 Qc7 11. e4 cxd4 12. Nxd4 Nbd7 13. Qd2 Ne5 14. Rac1 Rfe8 15. h3 Bf8 16. Kh2 Rac8 17. f4 Ng6 18. Ba3 Nd7 19. h4 Be7 20. h5 Ngf8 21. Nf3 h6 22. Re2 Nf6 23. Rd1 Rcd8 24. Qe1 Nxh5 25. Red2 Nf6 26. Nd4 b5 27. Bf1 bxc4 28. Bxc4 d5 29. Bxe7 Qxe7 30. exd5 Nxd5 31. Nxd5 Bxd5 32. Bxd5 Rxd5 33. Nf3 Rxd2+ 34. Rxd2 Qc5 35. Qe5 Qc1 36. Qb2 Qc5 37. Ne5 Rc8 38. Nc4 Ng6 39. Qd4 Qh5+ 40. Kg2 Qg4 41. Ne3 Nh4+ 0-1

[Event "January 2 Early 2024"]
[Site "https://www.chess.com"]
[Date "2024.01.02"]
[Round "3"]
[White "Fiedorek, Michal"]
[Black "Refrigerator1955"]
[Result "1-0"]
[Board "179"]
[TimeControl "180+1"]
[WhiteFideId "1199528"]
[WhiteElo "2482"]
[BlackElo "2022"]
[WhiteTeam "POL"]
[WhiteClock "0:01:44"]
[BlackClock "0:01:20"]

1. e4 c6 2. d4 d5 3. e5 c5 4. dxc5 e6 5. Bd3 Bxc5 6. Qg4 Bf8 7. Nf3 Nc6 8. O-O Nge7 9. Bg5 Qc7 10. Qg3 Ng6 11. Re1 Bd7 12. h4 Nb4 13. h5 Nxd3 14. cxd3 Ne7 15. Nc3 Nf5 16. Qf4 h6 17. Bh4 Nxh4 18. Qxh4 Be7 19. Qg4 O-O 20. Rac1 Qa5 21. Nd4 Qb4 22. a3 Qxb2 23. Nxd5 exd5 24. Qxd7 Qxd4 25. Qxe7 Qxd3 26. Rcd1 Rfe8 27. Qxe8+ 1-0

[Event "January 2 Early 2024"]
[Site "https://www.chess.com"]
[Date "2024.01.02"]
[Round "3"]
[White "Sanchez Alvares, Kelvin Antonio"]
[Black "Szente Varga, Fruzsina"]
[Result "1-0"]
[Board "180"]
[TimeControl "180+1"]
[WhiteFideId "3906680"]
[BlackFideId "712264"]
[WhiteElo "2463"]
[BlackElo "2272"]
[WhiteTeam "VEN"]
[BlackTeam "HUN"]
[WhiteClock "0:00:18"]
[BlackClock "0:00:14"]

1. e4 e5 2. Nf3 Nc6 3. Bc4 Nf6 4. d3 Bc5 5. h3 O-O 6. c3 d5 7. exd5 Nxd5 8. O-O Nb6 9. Bb5 Qd6 10. b4 Nxb4 11. cxb4 Bxb4 12. Bb2 f6 13. Na3 Kh8 14. Nc2 c6 15. Bc4 Bf5 16. Nxb4 Qxb4 17. Qb3 Qd6 18. d4 e4 19. Nh4 Qd7 20. Nxf5 Qxf5 21. Be6 Qg6 22. d5 cxd5 23. Bxd5 Nxd5 24. Qxd5 Rad8 25. Qxb7 Rb8 26. Qe7 Rfe8 27. Qa3 f5 28. Bc1 Rbd8 29. Bf4 Rd3 30. Qa4 Red8 31. Kh2 Qf6 32. Rac1 g5 33. Rc6 Qg7 34. Rc7 Qf6 35. Rc6 Qg7 36. Bc7 Re8 37. Rc5 g4 38. Qxe8+ 1-0

[Event "January 2 Early 2024"]
[Site "https://www.chess.com"]
[Date "2024.01.02"]
[Round "3"]
[White "Winkels, Marcel"]
[Black "Seletsky, Grigory"]
[Result "1/2-1/2"]
[Board "181"]
[TimeControl "180+1"]
[WhiteFideId "1003887"]
[BlackFideId "14112191"]
[WhiteElo "2002"]
[BlackElo "2423"]
[WhiteTeam "NED"]
[BlackTeam "UKR"]
[WhiteClock "0:00:08"]
[BlackClock "0:00:59"]

1. e4 c6 2. d4 d5 3. exd5 cxd5 4. Bd3 Nc6 5. c3 g6 6. Bf4 Bg7 7. Nf3 Nf6 8. O-O O-O 9. Re1 Bg4 10. Nbd2 e6 11. h3 Bxf3 12. Nxf3 Nd7 13. Qb3 Qb6 14. Re2 Rfc8 15. Rae1 Na5 16. Qd1 Nc4 17. Qb1 a5 18. h4 Qc6 19. h5 b5 20. hxg6 hxg6 21. Bxg6 Nf8 22. Bd3 b4 23. Bxc4 Qxc4 24. Ne5 Qb5 25. Re3 bxc3 26. bxc3 Qxb1 27. Rxb1 Rab8 28. Rxb8 Rxb8 29. Rg3 Rb1+ 30. Kh2 Kh7 31. Rh3+ Kg8 32. Rg3 f6 33. Bh6 Rb7 34. Rxg7+ Rxg7 35. Bxg7 Kxg7 36. Nc6 a4 37. Nb4 Nd7 38. Kg3 Nb6 39. Kf3 Kf7 40. Ke3 Ke7 41. Kd3 Kd6 42. Nc2 e5 43. dxe5+ fxe5 44. g4 Nc4 45. Ne3 Nb2+ 46. Kc2 a3 47. Kb3 Nd3 48. Kxa3 Nxf2 49. g5 d4 50. cxd4 exd4 51. Nc4+ Kd5 52. Nd2 Ng4 53. Kb3 Ne5 54. a4 Kc5 55. a5 Kb5 56. a6 Kxa6 57. Nc4 Ng6 58. Nd6 Kb6 59. Kc4 Kc6 60. Ne4 d3 61. Kxd3 Kd5 62. Ke3 Ke5 63. Kf3 Kf5 64. Nd6+ Kxg5 1/2-1/2

[Event "January 2 Early 2024"]
[Site "https://www.chess.com"]
[Date "2024.01.02"]
[Round "3"]
[White "Dragun, Kamil"]
[Black "Martin, Lewis"]
[Result "1-0"]
[Board "182"]
[TimeControl "180+1"]
[WhiteFideId "1134167"]
[BlackFideId "410551"]
[WhiteElo "2775"]
[BlackElo "2291"]
[WhiteTeam "POL"]
[BlackTeam "ENG"]
[WhiteClock "0:00:09"]
[BlackClock "0:00:00"]

1. d4 d5 2. c4 c6 3. Nc3 e6 4. e3 Nf6 5. Nf3 Nbd7 6. Be2 Bd6 7. O-O dxc4 8. e4 e5 9. dxe5 Nxe5 10. Nxe5 Bxe5 11. Qxd8+ Kxd8 12. Bxc4 Be6 13. Bxe6 fxe6 14. Re1 h6 15. f3 Kc7 16. Be3 Rhd8 17. Rad1 b6 18. g3 g5 19. Kg2 Rxd1 20. Rxd1 Rg8 21. Rd2 h5 22. Ne2 h4 23. Nd4 Kd7 24. Nb5+ Kc8 25. Nd6+ Kb8 26. Nf7 Bc7 27. Nxg5 hxg3 28. hxg3 Nh5 29. Nxe6 Rxg3+ 30. Kf2 Be5 31. b4 Rh3 32. Rd8+ Kb7 33. f4 Bf6 34. Rd7+ Ka6 35. Nc7+ Kb7 36. Nd5+ Ka6 37. Nxf6 Nxf6 38. Re7 Ng4+ 39. Kg2 Rxe3 40. f5 Nf6 41. e5 Nd5 42. Re8 Nxb4 43. f6 Nd5 44. f7 Nc7 45. f8=Q Nxe8 46. Qxe8 Kb5 47. e6 Ra3 48. e7 Rxa2+ 49. Kf3 Ra3+ 50. Ke2 1-0

[Event "January 2 Early 2024"]
[Site "https://www.chess.com"]
[Date "2024.01.02"]
[Round "3"]
[White "Alonso Garcia, Rene Marcial"]
[Black "Rama, Tejas"]
[Result "0-1"]
[Board "183"]
[TimeControl "180+1"]
[WhiteFideId "3500276"]
[BlackFideId "30907381"]
[WhiteElo "2288"]
[BlackElo "2581"]
[WhiteTeam "FID"]
[BlackTeam "USA"]
[WhiteClock "0:00:09"]
[BlackClock "0:00:19"]

1. d4 Nf6 2. c4 e6 3. Nf3 d5 4. Nc3 c5 5. cxd5 Nxd5 6. e3 Nc6 7. Bd3 Be7 8. O-O O-O 9. a3 cxd4 10. exd4 Bf6 11. Be4 Nce7 12. Re1 b6 13. Qd3 h6 14. Ne5 Bxe5 15. dxe5 Bb7 16. Qg3 Nxc3 17. Bxh6 Ng6 18. Bxg6 gxh6 19. Be4+ Qg5 20. Bxb7 Rab8 21. Qxc3 Rxb7 22. Re3 Kh8 23. Rg3 Qf5 24. Qe3 Kh7 25. Qd3 Qxd3 26. Rxd3 Rc8 27. g3 Rc2 28. b4 Re2 29. Rad1 Rxe5 30. Rd7 Re1+ 31. Kg2 Rxd7 32. Rxd7 Kg6 33. Rxa7 Ra1 34. Ra6 b5 35. Ra5 f6 36. h4 e5 37. Kf3 Rb1 38. Rxb5 Rb3+ 39. Ke4 Rxa3 40. Rb8 Ra2 41. f3 Re2+ 42. Kd3 Rg2 43. g4 Rh2 44. h5+ Kg5 45. Ke3 Rb2 46. b5 Rb3+ 47. Ke4 Rb4+ 48. Kd5 Kf4 49. Ke6 Kxf3 50. Kxf6 e4 51. Kg6 e3 52. Kxh6 e2 53. Rf8+ Rf4 54. Re8 Re4 55. Rf8+ Kg3 56. b6 e1=Q 57. b7 Re6+ 58. Kh7 Re7+ 59. Kh6 Qe3+ 60. g5 Rxb7 0-1

[Event "January 2 Early 2024"]
[Site "https://www.chess.com"]
[Date "2024.01.02"]
[Round "3"]
[White "Blokhin, Sofia"]
[Black "Khamdamova, Afruza"]
[Result "1-0"]
[Board "184"]
[TimeControl "180+1"]
[WhiteFideId "4508190"]
[BlackFideId "14210444"]
[WhiteElo "2287"]
[BlackElo "2557"]
[WhiteTeam "EST"]
[BlackTeam "UZB"]
[WhiteClock "0:00:05"]
[BlackClock "0:00:00"]

1. d4 Nf6 2. c4 e6 3. Nc3 d5 4. Nf3 Be7 5. e3 O-O 6. cxd5 exd5 7. Bd3 c6 8. O-O Re8 9. Ne5 Nbd7 10. f4 Nf8 11. Bd2 Qd6 12. Qf3 b6 13. Rac1 Bb7 14. Qh3 Rac8 15. Bf5 Rcd8 16. g4 c5 17. g5 Ne4 18. Bxe4 dxe4 19. Nb5 Qb8 20. Qf5 f6 21. gxf6 Bxf6 22. Bc3 a6 23. Na3 Qc8 24. Qh5 Qe6 25. f5 Qe7 26. Nac4 cxd4 27. exd4 b5 28. Ne3 b4 29. Be1 Rxd4 30. N5g4 Rd3 31. Nxf6+ Qxf6 32. Qxe8 Rxe3 33. Rc7 Re2 34. Rxb7 e3 35. Rb8 h6 36. Qxf8+ Qxf8 37. Rxf8+ Kxf8 38. Bxb4+ Kf7 39. Re1 Rxb2 40. Bc3 Rxa2 41. Rxe3 a5 42. Rd3 a4 43. Rd7+ Ke8 44. Rxg7 Rc2 45. Bf6 a3 46. Ra7 a2 47. Kf1 1-0

[Event "January 2 Early 2024"]
[Site "https://www.chess.com"]
[Date "2024.01.02"]
[Round "3"]
[White "SkinnyPuppy8"]
[Black "Volkov, Sergei"]
[Result "1/2-1/2"]
[Board "185"]
[TimeControl "180+1"]
[BlackFideId "4176588"]
[WhiteElo "2283"]
[BlackElo "2551"]
[BlackTeam "RUS"]
[WhiteClock "0:00:03"]
[BlackClock "0:00:03"]

1. e4 c5 2. Nf3 d6 3. c3 Nf6 4. Be2 g6 5. O-O Bg7 6. Bb5+ Bd7 7. Bxd7+ Nbxd7 8. Re1 O-O 9. d4 e6 10. Na3 cxd4 11. cxd4 d5 12. e5 Ne4 13. Nd2 Nxd2 14. Bxd2 a6 15. Qb3 Qb6 16. Qxb6 Nxb6 17. Rac1 Rfc8 18. b3 Bf8 19. Nb1 Nd7 20. Kf1 Be7 21. Ke2 f6 22. f4 fxe5 23. fxe5 Kg7 24. Nc3 Rc6 25. Kd3 Ba3 26. Rb1 Bb4 27. Rbc1 Rac8 28. Ne2 Ba3 29. Rxc6 Rxc6 30. Rf1 Be7 31. Nf4 Nf8 32. g3 h6 33. h4 b5 34. Rc1 Rxc1 35. Bxc1 g5 36. hxg5 Bxg5 37. Ne2 Kg6 38. Bf4 Kf5 39. Ke3 Kg4 40. Nc3 Bxf4+ 41. gxf4 Ng6 42. f5 Kxf5 43. a4 bxa4 44. Nxa4 h5 45. Nc5 a5 46. Nb7 h4 47. Kf3 h3 48. Nxa5 h2 49. Kg2 Ke4 50. Nc6 Kd3 51. Nb4+ Kxd4 52. Nc6+ Kc3 53. b4 Kc4 54. Kxh2 d4 55. Kg2 d3 56. Kf2 Kc3 57. Ke1 Kc2 58. Nd4+ Kc3 59. Nxe6 Nxe5 60. Nf4 d2+ 61. Kd1 Nc4 62. Ne2+ Kd3 63. Nf4+ Ke3 64. Nd5+ Kd4 65. Nf4 Ke3 66. Nd5+ Kd4 67. Nf4 Kc3 68. Nd5+ Kb3 69. Ne3 Nxe3+ 70. Kxd2 Nc4+ 71. Kd3 Kxb4 1/2-1/2

[Event "January 2 Early 2024"]
[Site "https://www.chess.com"]
[Date "2024.01.02"]
[Round "3"]
[White "Onslow, Alfie"]
[Black "Petre, Nad-Titus"]
[Result "0-1"]
[Board "186"]
[TimeControl "180+1"]
[WhiteFideId "436976"]
[BlackFideId "1204165"]
[WhiteElo "2279"]
[BlackElo "2541"]
[WhiteTeam "ENG"]
[BlackTeam "ROU"]
[WhiteClock "0:00:23"]
[BlackClock "0:01:42"]

1. e4 e5 2. Bc4 Nf6 3. d3 c6 4. Nf3 d5 5. Bb3 a5 6. a4 Bd6 7. exd5 cxd5 8. Nc3 Be6 9. O-O Nc6 10. Bg5 Bb8 11. Re1 O-O 12. Bxf6 gxf6 13. Nh4 Kh8 14. Qf3 Nd4 15. Qh5 Rg8 16. Ne2 Bg4 17. Qh6 Bxe2 0-1

[Event "January 2 Early 2024"]
[Site "https://www.chess.com"]
[Date "2024.01.02"]
[Round "3"]
[White "Lesbekova, Assel"]
[Black "Rodchenkov, Sergey D."]
[Result "1-0"]
[Board "187"]
[TimeControl "180+1"]
[WhiteFideId "13713248"]
[BlackFideId "4168712"]
[WhiteElo "2277"]
[BlackElo "2528"]
[WhiteTeam "KGZ"]
[BlackTeam "RUS"]
[WhiteClock "0:01:24"]
[BlackClock "0:01:06"]

1. e4 c5 2. Nf3 d6 3. d4 cxd4 4. Qxd4 Nc6 5. Bb5 a6 6. Bxc6+ bxc6 7. O-O e5 8. Qe3 Qc7 9. c4 Nf6 10. h3 h6 11. Nc3 Be6 12. b3 Be7 13. Ba3 O-O 14. Rfd1 Rfd8 15. Rac1 a5 16. Nd5 cxd5 17. cxd5 Qb7 18. dxe6 fxe6 19. Rc4 Bf8 20. Rdc1 Rd7 21. Nh4 d5 22. Ra4 Bxa3 23. Rxa3 Nxe4 24. Ng6 d4 25. Qe2 Rc8 26. Rxc8+ Qxc8 27. Rxa5 d3 28. Qxe4 d2 29. Qxe5 d1=Q+ 30. Kh2 Qd6 31. Qxd6 Qe8 32. Qc6 Qf7 33. Qc8+ Kh7 34. Nf8+ 1-0

[Event "January 2 Early 2024"]
[Site "https://www.chess.com"]
[Date "2024.01.02"]
[Round "3"]
[White "Sava, Christiansen-Danut-Eugen"]
[Black "Dushyant Sharma"]
[Result "0-1"]
[Board "188"]
[TimeControl "180+1"]
[WhiteFideId "1210114"]
[BlackFideId "25065130"]
[WhiteElo "2269"]
[BlackElo "2523"]
[WhiteTeam "ROU"]
[BlackTeam "IND"]
[WhiteClock "0:00:19"]
[BlackClock "0:02:04"]

1. d4 d5 2. c4 e6 3. Nf3 Nf6 4. g3 Be7 5. Bg2 O-O 6. O-O dxc4 7. Qa4 c5 8. Qxc4 Nc6 9. dxc5 e5 10. Nc3 Be6 11. Qa4 Bxc5 12. Bg5 Be7 13. Rfd1 Qb6 14. Qb5 Qc7 15. Rac1 Rfd8 16. Bxf6 Bxf6 17. Ne4 Be7 18. a3 a6 19. Qa4 Qb6 20. b4 h6 21. Nc5 Bxc5 22. Rxc5 e4 23. Ne1 e3 24. f3 Nd4 25. Rxd4 Rxd4 26. Nd3 Rad8 27. Qc2 a5 28. f4 axb4 29. axb4 Bg4 30. h3 Bxe2 31. Qxe2 Rxd3 32. Rc4 Rd2 33. Qg4 e2+ 34. Kh2 e1=Q 0-1

[Event "January 2 Early 2024"]
[Site "https://www.chess.com"]
[Date "2024.01.02"]
[Round "3"]
[White "Minina, Veronika"]
[Black "Santos Flores, Alberto"]
[Result "1-0"]
[Board "189"]
[TimeControl "180+1"]
[WhiteFideId "4174780"]
[BlackFideId "3601234"]
[WhiteElo "2267"]
[BlackElo "2520"]
[WhiteTeam "RUS"]
[BlackTeam "ECU"]
[WhiteClock "0:00:13"]
[BlackClock "0:00:27"]

1. Nf3 d5 2. g3 Nf6 3. Bg2 Bf5 4. c4 c6 5. cxd5 cxd5 6. Qb3 Qb6 7. Qxb6 axb6 8. d3 Nc6 9. O-O e6 10. Nc3 Bc5 11. Bg5 h6 12. Bxf6 gxf6 13. e4 dxe4 14. dxe4 Bg6 15. Rfd1 Ke7 16. a3 Rhd8 17. b4 Bd6 18. Nb5 Bxe4 19. Nxd6 Rxd6 20. Rxd6 Kxd6 21. Nd2 Bxg2 22. Kxg2 Kc7 23. Ne4 f5 24. Nc3 Rd8 25. Nb5+ Kb8 26. Rc1 Rd3 27. Rc4 Na7 28. Nxa7 Kxa7 29. Rc7 Rxa3 30. Rxf7 Ra4 31. Rf6 Rxb4 32. Rxh6 Re4 33. h4 b5 34. h5 b4 35. Rh7 b3 36. Rd7 Rc4 37. Rd3 b5 38. Rxb3 Kb6 39. Re3 Rc6 40. h6 Kc5 41. h7 Rc8 42. Rxe6 Rh8 43. Re7 b4 44. Rb7 Kd5 45. Kf3 Ke5 46. Rb5+ Kf6 47. Kf4 Rxh7 48. Rb6+ Kg7 49. Kxf5 Rh5+ 50. Kg4 Rc5 51. Rxb4 Rc3 52. f4 Rc5 53. f5 Kf6 54. Rb6+ Kg7 55. Kg5 Ra5 56. g4 Rc5 57. Rb7+ Kg8 58. Kg6 Rc6+ 59. f6 Rc8 60. g5 Ra8 61. Rh7 Ra6 62. Rh1 Rb6 63. Re1 Rb8 64. f7+ Kf8 65. Re8+ Rxe8 66. fxe8=Q+ Kxe8 67. Kh7 1-0